 Dungeon Crawl Stone Soup version 0.29-a0-1006-g0dd7720b37 (webtiles) character file.

Game seed: 82531823238033203

428 Sweeb the Slasher (level 6, -4/38 HPs)
             Began as a Tengu Monk on Aug 6, 2022.
             Slain by an orc warrior
             ... wielding a +0 mace
              (17 damage)
             ... on level 5 of the Dungeon.
             The game lasted 00:06:00 (5474 turns).

Sweeb the Slasher (Tengu Monk)                      Turns: 5474, Time: 00:06:01

Health: -4/38      AC:  5    Str: 11    XL:     6   Next: 98%
Magic:  7/7        EV: 21    Int: 11    God:
Gold:   128        SH:  0    Dex: 18    Spells: 5/5 levels left

rFire   . . .      SeeInvis .   a - +0 falchion
rCold   . . .      Faith    .   (no shield)
rNeg    . . .      Spirit   .   b - +0 robe
rPois   +          Reflect  .   (helmet restricted)
rElec   .          Harm     .   (no cloak)
rCorr   .          Rampage  .   p - +2 pair of gloves {Stlth+}
Will    .....                   (boots unavailable)
Stlth   ++++......              (no amulet)
HPRegen 0.12/turn               e - ring of poison resistance
MPRegen 0.10/turn               f - +4 ring of evasion

@: flying quickly and evasively, invisible, quick
A: beak, talons 3, nimble flight
a: no special abilities


You were on level 5 of the Dungeon.
You visited 1 branch of the dungeon, and saw 5 of its levels.

You collected 315 gold pieces.
You spent 187 gold pieces at shops.

Inventory:

Hand Weapons
 a - a +0 falchion (weapon)
Armour
 b - a +0 robe (worn)
 p - a +2 pair of gloves of stealth (worn)
Jewellery
 e - a ring of poison resistance (left hand)
 f - a +4 ring of evasion (right hand)
 h - a +6 ring of dexterity
 l - the ring "Gada" {rF+ rN++}
   (You acquired it on level 2 of the Dungeon)

   [ring of protection from fire]

   rF:        It protects you from fire.
   rN:        It greatly protects you from negative energy.
Wands
 n - a wand of iceblast (9)
Scrolls
 j - a scroll of brand weapon
 k - 2 scrolls of torment
 m - 3 scrolls of magic mapping
 r - a scroll of poison
Potions
 c - a potion of ambrosia
 d - a potion of resistance
 g - a potion of invisibility
 i - 2 potions of curing
 o - 2 potions of cancellation
 s - a potion of degeneration {unknown}


   Skills:
 + Level 4.2 Fighting
 * Level 5.8 Long Blades
 + Level 4.7 Dodging
 + Level 3.9 Stealth


You had 5 spell levels left.
You didn't know any spells.
Your spell library contained the following spells:

 Spells                   Type           Power      Damage    Failure   Level
 Apportation              Tloc           0%         N/A       34%         1
 Magic Dart               Conj           0%         1d3       34%         1
 Necrotise                Necr           0%         1d4       34%         1
 Summon Small Mammal      Summ           0%         N/A       34%         1
 Call Imp                 Summ           0%         N/A       47%         2
 Inner Flame              Hex/Fire       0%         N/A       71%         3
 Mephitic Cloud           Conj/Pois/Air  0%         N/A       71%         3
 Cause Fear               Hex            0%         N/A       98%         4
 Discord                  Hex            0%         N/A       100%        8


Dungeon Overview and Level Annotations

Branches:
Dungeon (5/15)
 Temple: D:4-7

Altars:
Ashenzari
Fedhas
Okawaru
Uskayaw

Shops:
D:3 [


Innate Abilities, Weirdness & Mutations

You have a beak for a mouth.
You have claws for feet.
Your magical nature lets you fly swiftly and evasively.


Message History

The orc warrior shouts!
Okay, then.
You fade into invisibility!
You strike the helpless orc warrior from behind!
You hit the orc warrior.
The hound barks!
Your kick misses the orc warrior.
The orc warrior is lightly wounded.
The orc warrior misses you.
You catch the helpless orc warrior completely off-guard!
You hit the orc warrior but do no damage.
The orc warrior is lightly wounded.
The orc warrior barely misses you.
You strike the helpless orc warrior from behind!
You hit the orc warrior.
You peck the orc warrior, but do no damage.
The orc warrior is moderately wounded.
The orc warrior hits you with a +0 mace!
You hit the orc warrior. You claw the orc warrior.
You peck the orc warrior, but do no damage.
The orc warrior is heavily wounded.
You hit the orc warrior but do no damage.
You claw the orc warrior, but do no damage.
The orc warrior is heavily wounded.
The orc warrior completely misses you.
You hit the orc warrior but do no damage.
You peck the orc warrior, but do no damage.
The orc warrior is heavily wounded.
The orc warrior closely misses you.
The hound pauses to sniff the ground.
You closely miss the orc warrior.
You claw the orc warrior, but do no damage.
You peck the orc warrior.
The orc warrior is heavily wounded.
The orc warrior hits you with a +0 mace!
You hit the orc warrior.
You claw the orc warrior, but do no damage.
The orc warrior is severely wounded.
The orc warrior hits you with a +0 mace!
You die...

#.# #.#.# #.# #.# #.#.#
#.# #.#####.###.#.# #.#
............#.########.#
######o#####.#........#
#o#...#.#..≈.....#
#h#.#.#.#.........
#o#.#.#.#.._....##
#@#.#.#.<.......'.
#.#.#.#.#..≈....##
#.#.#.#.#.......##
#.#<#.#.##........
#.###.#.##.####### #.#
#.#.#..# #.# #.#.#.##
#.# #.#.#.#######
#.###.#.#....##.##


You could see an orc warrior (unable to see you), a hound, an orc wizard (unable
to see you) and an orc (unable to see you).

Vanquished Creatures
  An ogre (D:5)
  A necrophage (D:5)
  A scorpion (D:5)
  3 iguanas
  Ijyb (D:3)
  3 gnolls (D:4)
  2 adders
  A worm (D:2)
  A dart slug (D:1)
  2 orcs
  13 ball pythons
  6 endoplasms
  2 giant cockroaches
  10 goblins
  3 hobgoblins
  2 jackals (D:1)
  7 quokkas
  11 bats
  2 frilled lizards
  8 kobolds
  4 rats
84 creatures vanquished.

Notes
Turn   | Place    | Note
-------+----------+-------------------------------------------
     0 | D:1      | Sweeb the Tengu Monk began the quest for the Orb.
     0 | D:1      | Reached XP level 1. HP: 14/14 MP: 2/2
   293 | D:1      | Reached XP level 2. HP: 13/19 MP: 3/3
   698 | D:1      | Reached XP level 3. HP: 20/23 MP: 4/4
  1006 | D:1      | Reached skill level 4 in Long Blades
  1402 | D:2      | Found a faded altar of an unknown god.
  1600 | D:2      | Reached XP level 4. HP: 20/28 MP: 5/5
  2410 | D:3      | Identified a scroll of acquirement
  2507 | D:2      | Acquired the ring "Gada" {rF+ rN++}
  2889 | D:3      | Found a blossoming altar of Fedhas.
  2938 | D:3      | Found a broken altar of Ashenzari.
  3008 | D:3      | Noticed Ijyb
  3023 | D:3      | Killed Ijyb
  3024 | D:3      | Gained mutation: Your magical nature lets you fly swiftly
                  | and evasively. [Tengu growth]
  3024 | D:3      | Reached XP level 5. HP: 12/32 MP: 6/6
  3505 | D:3      | Found Havur's Antique Armour Boutique.
  3508 | D:3      | Bought a pair of runed gloves for 187 gold pieces
  4000 | D:4      | Reached skill level 5 in Long Blades
  4596 | D:4      | Found an iron altar of Okawaru.
  4855 | D:5      | Entered Level 5 of the Dungeon
  4934 | D:5      | Found a hide-covered altar of Uskayaw.
  4955 | D:5      | Reached XP level 6. HP: 36/38 MP: 7/7
  5357 | D:5      | Noticed an orc warrior
  5474 | D:5      | Slain by an orc warrior

Illustrated notes

Levels and vault maps discovered:
D:1:      scummos_arrival_simple_crosswalls, layout_loops_corners
D:2:      kb_forest_paths, layout_basic, dreamdust_ecumenical_altar_grove
D:3:      layout_basic, lemuel_round_altar, old_standard_altar, serial_shops,
          nicolae_shop_behind_doors, serial_glass, glass_columns_a,
          glass_columns_c, uniq_ijyb
D:4:      layout_layer_cave, okawaru_metal_pillars_1_2
D:5:      layout_basic, mainiacjoe_overflow_tiny_flanked

Skill      XL: |  1  2  3  4  5 |
---------------+----------------+-----
Long Blades    | 4 5 |  5.8
Dodging        | 4 |  4.7
Stealth        | 3 |  3.9
Fighting       | 4 |  4.2

Action                   |  1- 3 |  4- 6 || total
-------------------------+-------+-------++-------
Melee: Falchion          |    68 |   146 ||   214
       Kick              |    15 |    36 ||    51
       Peck              |     8 |    26 ||    34
       Punch             |       |     2 ||     2
  Use: Scroll            |     4 |    11 ||    15
       Potion            |       |     1 ||     1
 Stab: Sleeping          |     5 |    10 ||    15
       Invisible         |       |     3 ||     3
Armor: Robe              |    14 |     8 ||    22
Dodge: Dodged            |    47 |   119 ||   166

Table legend: (Time is in decaauts)
 A = Elapsed time spent in this place.
 B = Non-inter-level travel time spent in this place.
 C = Inter-level travel time spent in this place.
 D = Time resting spent in this place.
 E = Time spent auto-exploring this place.
 F = Levels seen in this place.
 G = Mean time per level.
                   A        B        C        D        E       F      G
               +--------+--------+--------+--------+--------+-----+--------+
         Total |   5314 |   5132 |    182 |    753 |   3712 |   5 | 1062.8 |
       Dungeon |   5314 |   5132 |    182 |    753 |   3712 |   5 | 1062.8 |
               +--------+--------+--------+--------+--------+-----+--------+

Top non-repeatable levels by time:
     D:1: 1298 daAuts
     D:4: 1195 daAuts
     D:3: 1132 daAuts
     D:2: 1107 daAuts
     D:5: 580 daAuts
